 Dungeon Crawl Stone Soup version 0.28.0-53-g5a82cb258f (webtiles) character file.

Game seed: 8865294160346783030

11 Zeld the Ruffian (level 2, -1/23 HPs)
             Began as a Draconian Transmuter on June 3, 2022.
             Slain by an adder (3 damage)
             ... on level 3 of the Dungeon.
             The game lasted 00:01:07 (567 turns).

Zeld the Ruffian (Draconian Transmuter)              Turns: 567, Time: 00:01:08

Health: -1/23      AC:  4    Str: 12    XL:     2   Next: 17%
Magic:  5/5        EV: 12    Int: 13    God:
Gold:   14         SH:  0    Dex: 11    Spells: 2/5 levels left

rFire   . . .      SeeInvis .     - Unarmed
rCold   . . .      Faith    .   (no shield)
rNeg    . . .      Spirit   .   (armour unavailable)
rPois   .          Reflect  .   (helmet restricted)
rElec   .          Harm     .   (no cloak)
rCorr   .          Rampage  .   (no gloves)
Will    .....                   (no boots)
Stlth   +.........              (no amulet)
HPRegen 0.07/turn               (no ring)
MPRegen 0.09/turn               (no ring)

@: lethally poisoned (-1 -> -6)
A: AC +4, unfitting armour, cold-blooded
a: no special abilities


You were on level 3 of the Dungeon.
You visited 1 branch of the dungeon, and saw 3 of its levels.

You collected 14 gold pieces.

Inventory:

Wands
 d - a wand of digging (4)
Scrolls
 a - a scroll of vulnerability {unknown}
 c - a scroll of magic mapping {unknown}
Potions
 b - a potion of degeneration {unknown}


   Skills:
 * Level 1.5 Fighting
 - Level 1.7 Dodging
 - Level 3.0 Unarmed Combat
 + Level 2.1 Spellcasting
 + Level 2.1 Transmutations
 * Level 0.7 Ice Magic
 * Level 0.7 Poison Magic


You had 2 spell levels left.
You knew the following spells:

 Your Spells              Type           Power      Damage    Failure   Level
a - Beastly Appendage     Tmut           12%        N/A       11%         1
b - Wereblood             Tmut           6%         N/A       16%         2

Your spell library contained the following spells:

 Spells                   Type           Power      Damage    Failure   Level
 Spider Form              Tmut/Pois      5%         N/A       38%         3
 Ice Form                 Ice/Tmut       5%         N/A       80%         4


Dungeon Overview and Level Annotations

Branches:
Dungeon (3/15)

Altars:


Innate Abilities, Weirdness & Mutations

Your plain brown scales are hard. (AC +4)
You cannot fit into any form of body armour.
You are cold-blooded and may be slowed by cold attacks.


Message History

A bat is nearby!
An adder comes into view.
The bat barely misses you.
You hit the bat.
You kill the bat!
An adder is nearby!
The adder hisses angrily.
An adder is nearby!
An adder is nearby!
You miss the adder. The adder bites you.
You are poisoned.
The adder poisons you! The adder bites you.
You are more poisoned.
The adder poisons you!
You hit the adder.
The adder is moderately wounded.
You feel very sick. The adder barely misses you.
Your magical contamination has completely faded away.
You hit the adder. Your punch misses the adder.
The adder is severely wounded.
You feel very sick. The adder misses you.
You are too injured to fight recklessly!
You hit the adder.
Your tail-slap misses the adder.
The adder is almost dead.
You feel sick. The adder bites you.
Unknown command.
You closely miss the adder.
The adder is almost dead.
* * * LOW HITPOINT WARNING * * *
You feel sick. The adder closely misses you.
Unknown command.
You closely miss the adder.
Your tail-slap misses the adder.
The adder is almost dead.
* * * LOW HITPOINT WARNING * * *
You feel sick. The adder bites you.
* * * LOW HITPOINT WARNING * * *
The adder bites you.
You die...

. ............... #.#
#.......####.
#.###.......##...
######..##.......##...
#..........###.####...
#..........###'####...
#................##...
#.......†........##...
#...S@...........##...
#..........###+####...
#..........# #...
#..........# ###'
.........!..# #.
....#######..# #. ....
##!# #. ... #.# ##


You could see an adder.

Vanquished Creatures
  A worm (D:2)
  An endoplasm (D:1)
  A giant cockroach (D:1)
  2 ball pythons
  2 bats
  A frilled lizard (D:1)
  2 rats (D:1)
10 creatures vanquished.

Notes
Turn   | Place    | Note
-------+----------+-------------------------------------------
     0 | D:1      | Zeld the Draconian Transmuter began the quest for the Orb.
     0 | D:1      | Reached XP level 1. HP: 16/16 MP: 3/3
   190 | D:2      | Reached XP level 2. HP: 17/23 MP: 3/5
   193 | D:2      | Learned a level 2 spell: Wereblood
   567 | D:3      | Slain by an adder

Illustrated notes

Levels and vault maps discovered:
D:1:      wander_arrival_estate, layout_loops_ring
D:2:      layout_basic, serial_curves, eino_curves_04, eino_curves_01
D:3:      layout_basic, uniq_terence

Action                   || total
-------------------------++-------
Melee: Unarmed           ||    28
       Kick              ||     2
       Tailslap          ||     1
       Headbutt          ||     1
 Cast: Beastly Appendage ||     9
Armor: Skin              ||    11
Dodge: Dodged            ||    26
